 Dungeon Crawl Stone Soup version 0.30-a0-219-gf2db51d15e (webtiles) character file.

Game seed: 3832600998430963095

16 shadowstone the Conjurer (level 2, 0/16 (17) HPs)
             Began as a Gargoyle Reaver on Oct 7, 2022.
             Frozen to death by an endoplasm (1 damage)
             ... on level 1 of the Dungeon.
             The game lasted 00:03:59 (357 turns).

shadowstone the Conjurer (Gargoyle Reaver)           Turns: 357, Time: 00:04:00

HP:   0/16 (17)     AC:  5    Str: 15    XL:     2   Next: 58%
MP:   5/5           EV:  8    Int: 13    God:
Gold: 27            SH:  0    Dex:  8    Spells: 4/5 levels left

rFire   . . .      SeeInvis .    g - +0 trident
rCold   . . .      Faith    +    (no shield)
rNeg    + . .      Spirit   .    b - +0 leather armour
rPois   ∞          Reflect  .    (no helmet)
rElec   +          Harm     .    (no cloak)
rCorr   .          Rampage  .    (no gloves)
Will    .....                    (no boots)
Stlth   +.........               f - amulet of faith
HPRegen 0.22/turn                (no ring)
MPRegen 0.09/turn                (no ring)

@: constricted, drained
A: sickness immunity, AC +2, negative energy resistance 1, electricity
resistance, torment resistance 1, petrification resistance
a: no special abilities


You were on level 1 of the Dungeon.
You visited 1 branch of the dungeon, and saw 1 of its levels.

You collected 27 gold pieces.

Inventory:

Hand Weapons
 a - a +0 mace
 g - a +0 trident (weapon)
Armour
 b - a +0 leather armour (worn)
 c - a scarf of harm
Jewellery
 f - an amulet of faith (around neck)
Scrolls
 e - a scroll of identify {unknown}
Potions
 d - a potion of might {unknown}


   Skills:
 + Level 2.3 Fighting
 + Level 3.2 Maces & Flails
 + Level 1.7 Dodging
 + Level 2.0 Spellcasting
 + Level 3.8 Conjurations


You had 4 spell levels left.
You knew the following spells:

 Your Spells              Type           Power      Damage    Failure   Level
a - Kiss of Death         Conj/Necr      24%        2d7       14%         1

Your spell library contained the following spells:

 Spells                   Type           Power      Damage    Failure   Level
 Momentum Strike          Conj/Tloc      12%        3d8       22%         2
 Hailstorm                Conj/Ice       6%         3d4       41%         3


Dungeon Overview and Level Annotations

Branches:
Dungeon (1/15)

Altars:


Innate Abilities, Weirdness & Mutations

You are immune to sickness and miasma.
Your stone body is resilient. (AC +2)
You are immune to poison.
You resist negative energy. (rN+)
You are resistant to electric shocks. (rElec)
You are resistant to unholy torment.
You are immune to petrification.


Message History

You see here a bat corpse.
You see here 16 gold pieces.
You now have 27 gold pieces (gained 16).
You see here a bat corpse.
You see here a +0 trident.
g - a +0 trident
There are no items here.
g - a +0 trident (weapon)
A kobold comes into view. It is wielding a +0 club.
The kobold shouts!
An endoplasm comes into view.
The kobold throws a stone.
The stone barely misses you.
The endoplasm quivers.
A ball python comes into view.
The ball python hisses angrily.
The kobold throws a stone.
The stone closely misses you.
A kobold comes into view. It is wielding a +0 whip.
A bat comes into view.
The endoplasm barely misses you. The bat barely misses you.
The endoplasm hits you. The kobold hits you but does no damage.
The bat attacks as you move away! The bat barely misses you. x2
The endoplasm hits you but does no damage.
The kobold hits you with a +0 club.
The endoplasm jiggles.
The kobold closely misses you.
You closely miss the kobold. The bat hits you but does no damage.
The endoplasm closely misses you. The kobold closely misses you.
The ball python barely misses you. The ball python grabs you.
The ball python constricts you.
You closely miss the kobold. The bat hits you but does no damage.
The kobold hits you with a +0 whip. The endoplasm closely misses you.
The kobold hits you with a +0 club. The ball python bites you.
The ball python constricts you. The kobold hits you with a +0 whip.
* * * LOW HITPOINT WARNING * * *
The kobold hits you with a +0 club.
* * * LOW HITPOINT WARNING * * *
The endoplasm freezes you.
You are frozen.
You die...

#.##..........##
#.##...........## #
..##............## .#
..##.......†.....# ..#
..##.............##...
...##..>....)........
#................##. .#.
#.####.#.......bJK#.....
#.# #+#........@K.......
#.####.####.....S#.......
.##..#.#..##.............
.#.#.#.#.#.#.....##......
.#..#...#..#.............
####.)...####...##.......
'.....<.....+..## ....#.#
####.....######
##..#...#..#


You could see an endoplasm, a bat, a ball python and 2 kobolds.

Vanquished Creatures
  2 ball pythons (D:1)
  3 bats (D:1)
  A goblin (D:1)
  3 hobgoblins (D:1)
  3 kobolds (D:1)
  A quokka (D:1)
13 creatures vanquished.

Notes
Turn   | Place    | Note
-------+----------+-------------------------------------------
     0 | D:1      | shadowstone the Gargoyle Reaver began the quest for the
                  | Orb.
     0 | D:1      | Reached XP level 1. HP: 12/12 MP: 3/3
    36 | D:1      | Found a faded altar of an unknown god.
    63 | D:1      | Reached XP level 2. HP: 7/15 MP: 5/5
   357 | D:1      | Frozen to death by an endoplasm

Illustrated notes

Levels and vault maps discovered:
D:1:      nzn_arrival_crosshair, layout_rooms,
          ebering_ecumenical_altar_sacrificial

Action                   || total
-------------------------++-------
Melee: Mace              ||    36
       Trident           ||     2
 Cast: Kiss of Death     ||     1
Armor: Leather armour    ||    35
Dodge: Dodged            ||    65

Table legend: (Time is in decaauts)
 A = Elapsed time spent in this place.
 B = Non-inter-level travel time spent in this place.
 C = Inter-level travel time spent in this place.
 D = Time resting spent in this place.
 E = Time spent auto-exploring this place.
 F = Levels seen in this place.
 G = Mean time per level.
                   A        B        C        D        E       F      G
               +--------+--------+--------+--------+--------+-----+--------+
         Total |    365 |    361 |      4 |      0 |     29 |   1 |  365.0 |
       Dungeon |    365 |    361 |      4 |      0 |     29 |   1 |  365.0 |
               +--------+--------+--------+--------+--------+-----+--------+

Top non-repeatable levels by time:
     D:1: 365 daAuts
